 Dungeon Crawl Stone Soup version 0.27-a0-1529-g1e82c303ef (webtiles) character file.

Game seed: 2123805669587808175

134 Lekart the Skirmisher (level 4, -1/40 HPs)
             Began as a Draconian Chaos Knight on July 10, 2021.
             Was a Plaything of Xom.
             Slain by an unseen horror (shapeshifter) (6 damage)
             ... on level 3 of the Dungeon on July 12, 2021.
             The game lasted 00:04:27 (2462 turns).

Lekart the Skirmisher (Draconian Chaos Knight)      Turns: 2462, Time: 00:04:27

Health: -1/40      AC:  5    Str: 14    XL:     4   Next: 95%
Magic:  6/6        EV: 12    Int: 13    God:    Xom [..*...]
Gold:   81         SH:  0    Dex: 11    Spells: 6/6 levels left

rFire    . . .     SeeInvis .   a - +0 falchion (chaos)
rCold    . . .     Faith    .   (no shield)
rNeg     . . .     Spirit   .   (armour unavailable)
rPois    .         Reflect  .   (helmet restricted)
rElec    .         Harm     .   (no cloak)
rCorr    .         Rampage  .   (no gloves)
Will     .....                  (no boots)
Stlth    +.........             (no amulet)
HPRegen  0.13/turn              (no ring)
MPRegen  0.10/turn              (no ring)

@: flying
A: AC +5, unfitting armour, cold-blooded
a: Renounce Religion


You were on level 3 of the Dungeon.
You worshipped Xom.
You were a toy of Xom.
You visited 1 branch of the dungeon, and saw 3 of its levels.

You collected 81 gold pieces.

Inventory:

Hand Weapons
 a - a +0 falchion of chaos (weapon)
Jewellery
 c - a ring of protection from cold
Scrolls
 d - 2 scrolls of teleportation {unknown}
 e - a scroll of enchant weapon {unknown}
 g - a scroll of fear {unknown}
 h - a scroll of immolation {unknown}
 i - a scroll of noise {unknown}
Potions
 f - a potion of curing {unknown}
 j - a potion of degeneration {unknown}


   Skills:
 + Level 4.1 Fighting
 + Level 4.1 Long Blades
 + Level 2.7 Dodging
 + Level 1.0 Stealth
 * Level 1.5 Spellcasting


You had 6 spell levels left.
You didn't know any spells.
Your spell library was empty.

Dungeon Overview and Level Annotations

Branches:
Dungeon (3/15)

Altars:

Annotations:
Abyss:1 Natasha


Innate Abilities, Weirdness & Mutations

Your plain brown scales are hard. (AC +5)
You cannot fit into any form of body armour.
You are cold-blooded and may be slowed by cold attacks.


Message History

The jackal bites you.
A kobold comes into view. It is wielding a +0 dagger.
The jackal closely misses you.
You miss the jackal. The jackal misses you.
You closely miss the jackal.
The kobold shouts!
Your tail-slap misses the jackal.
The jackal closely misses you.
You riposte.
You barely miss the jackal. The jackal bites you.
You completely miss the jackal.
Your tail-slap misses the jackal.
The jackal bites you but does no damage.
You hit the jackal.
The jackal is moderately wounded.
The jackal bites you. The jackal barely misses you.
You riposte.
You closely miss the jackal.
The jackal is moderately wounded.
You barely miss the jackal.
Your tail-slap misses the jackal.
The jackal is moderately wounded.
The jackal misses you.
You hit the jackal but do no damage.
The jackal changes into a shapeshifter!
Xom thinks this is hilarious!
The shapeshifter changes into something you cannot see!
The kobold hits you with a +0 dagger.
You hit the kobold.
The kobold seems to speed up.
You tail-slap the kobold.
You kill the kobold!
Something hits you!
Deactivating autopickup; reactivate with Ctrl-A.
No target in view!
No target in view!
No target in view!
Something hits you. Something hits you! Something hits you!
* * * LOW HITPOINT WARNING * * *
Something hits you.
* * * LOW HITPOINT WARNING * * *
It was a potion of flight.
You feel very buoyant.
You fly up into the air.
Something hits you.
You die... "I guess I need a new plaything now."

###.. ...#####
...... #†#.####.
.. #######.†......
.........)........
...##.####...####.
............#
#...##@...#
#.........#
#.....†...#
#.........#
#.<.###...#
.J.............#
.#####.#.####..#
#..... ....
#....## ....#


There were no monsters in sight!

Vanquished Creatures
  Natasha (D:2)
  2 adders (D:2)
  3 worms (D:2)
  2 dart slugs
  8 endoplasms
  2 giant cockroaches
  2 goblins (D:1)
  2 hobgoblins (D:1)
  9 jackals
  3 quokkas
  3 ball pythons
  3 bats
  2 frilled lizards
  4 kobolds
  3 rats
49 creatures vanquished.

Notes
Turn   | Place    | Note
-------+----------+-------------------------------------------
     0 | D:1      | Lekart the Draconian Chaos Knight began the quest for the
                  | Orb.
     0 | D:1      | Reached XP level 1. HP: 19/19 MP: 1/1
   118 | D:1      | XOM: divination: detect creatures
   122 | D:1      | Reached XP level 2. HP: 27/27 MP: 2/2
   230 | D:1      | XOM: silly message
   393 | D:1      | Found a faded altar of an unknown god.
   582 | D:1      | XOM: divination: detect creatures
   855 | D:1      | XOM: divination: detect creatures
   959 | D:1      | Upgraded the game from 0.27-a0-1519-gc8121b24ce to
                  | 0.27-a0-1529-g1e82c303ef
   997 | D:1      | XOM: silly message
  1016 | D:2      | Reached XP level 3. HP: 22/33 MP: 2/4
  1161 | D:2      | Noticed Natasha
  1174 | D:2      | Killed Natasha
  1175 | D:2      | Reached skill level 1 in Spellcasting
  1194 | D:2      | Noticed Natasha
  1202 | D:2      | Banished Natasha
  1203 | D:2      | Reached XP level 4. HP: 4/40 MP: 5/5
  1499 | D:2      | HP: 2/40 [poisoned by an adder]
  1683 | D:2      | XOM: 4-stop teleportation journey
  2020 | D:2      | XOM: silly message
  2118 | D:2      | Reached skill level 1 in Stealth
  2456 | D:3      | Noticed a shapeshifter
  2456 | D:3      | a jackal changed into a shapeshifter
  2456 | D:3      | a shapeshifter changed into something unseen
  2462 | D:3      | Slain by an unseen horror (shapeshifter)

Illustrated notes

Levels and vault maps discovered:
D:1:      roderic_crossed_star, layout_loops_corners,
          hellmonk_ecumenical_altar_lost_god, moated_statue
D:2:      layout_basic, ebering_dispersal_statue_hall,
          chequers_serial_rivers_room_b, uniq_natasha
D:3:      layout_basic, serial_curves, eino_curves_02, eino_curves_04

Skill      XL: |  1  2  3  4 |
---------------+-------------+-----
Spellcasting   | 1 |  1.5
Fighting       | 4 |  4.1
Long Blades    | 4 |  4.1
Stealth        | 1 |  1.0
Dodging        | |  2.7

Action                   |  1- 3 |  4- 6 || total
-------------------------+-------+-------++-------
Melee: Falchion          |    70 |    80 ||   150
       Tailslap          |     5 |     5 ||    10
  Use: Potion            |       |     1 ||     1
 Stab: Sleeping          |     3 |     1 ||     4
       Paralysed         |     1 |       ||     1
Armor: Skin              |    23 |    25 ||    48
Dodge: Dodged            |    39 |    61 ||   100
       Rpst.: Falchion   |    10 |    15 ||    25

Table legend: (Time is in decaauts)
 A = Elapsed time spent in this place.
 B = Non-inter-level travel time spent in this place.
 C = Inter-level travel time spent in this place.
 D = Time resting spent in this place.
 E = Time spent auto-exploring this place.
 F = Levels seen in this place.
 G = Mean time per level.
                   A        B        C        D        E       F      G
               +--------+--------+--------+--------+--------+-----+--------+
         Total |   2484 |   2423 |     61 |    554 |   1509 |   3 |  828.0 |
       Dungeon |   2484 |   2423 |     61 |    554 |   1509 |   3 |  828.0 |
               +--------+--------+--------+--------+--------+-----+--------+

Top non-repeatable levels by time:
     D:2: 1440 daAuts
     D:1: 1010 daAuts
     D:3: 33 daAuts
